Construct Section Command Post
Selects Australian Defense Battlegroup
Selects Australian Light Infantry Section
Australian Light Infantry Section
Construct Platoon Command Post
6-pounder Anti-tank Gun Team
Construct Field Infirmary
Selects 2-pounder Anti-tank Gun Team
Selects Defensive Tactics
6-pounder Anti-tank Gun Team
Selects CMP 15cwt Supply Run
Selects Reinforced Resource Caches
Selects Charged Creeping Barrage
Construct Company Command Post
6-pounder Anti-tank Gun Team
6-pounder Anti-tank Gun Team